 Dungeon Crawl Stone Soup version 0.29-a0-360-g8ed1089bbe (webtiles) character file.

Game seed: 6073143268505866402

1079 jaega1 the Cleaver (level 8, -8/60 (64) HPs)
             Began as a Hill Orc Fighter on Apr 28, 2022.
             Was a Priest of Ru.
             Mangled by a two-headed ogre
             ... wielding a +0 dire flail
              (21 damage)
             ... on level 6 of the Dungeon.
             The game lasted 00:25:23 (6019 turns).

jaega1 the Cleaver (Hill Orc Fighter)               Turns: 6019, Time: 00:25:23

HP:   -8/60 (64)    AC:  8    Str: 19    XL:     8   Next: 29%
MP:   8/8           EV:  9    Int:  8    God:    Ru [***...]
Gold: 272           SH:  4    Dex: 12    Spells: 7/7 levels left

rFire   . . .      SeeInvis .   a - +0 war axe
rCold   + . .      Faith    .   c - +0 buckler
rNeg    . . .      Spirit   .   s - +0 scale mail
rPois   .          Reflect  .   (no helmet)
rElec   .          Harm     .   g - +0 cloak
rCorr   .          Rampage  .   (no gloves)
Will    .....                   (no boots)
Stlth   ..........              (no amulet)
HPRegen 0.20/turn               o - ring of protection from cold
MPRegen 0.11/turn               q - +4 ring of slaying

@: exhausted, hasted, drained, very quick
A: inability to use devices, no fire magic, no hexes magic, no necromancy magic
a: Renounce Religion, Draw Out Power


You were on level 6 of the Dungeon.
You worshipped Ru.
Ru was most pleased with you.
You visited 2 branches of the dungeon, and saw 7 of its levels.

You collected 272 gold pieces.

Inventory:

Hand Weapons
 a - a +0 war axe (weapon)
 b - the +5 hunting sling of Zayfigacw {vorpal, rN+ Dex+5}
   (You found it on level 2 of the Dungeon)

   Any ammunition fired from it inflicts extra damage upon your enemies.
   Dex:       It affects your dexterity (+5).
   rN:        It protects you from negative energy.
Armour
 c - a +0 buckler (worn)
 g - a +0 cloak (worn)
 s - a +0 scale mail (worn)
Jewellery
 d - a ring of magical power
 o - a ring of protection from cold (left hand)
 q - a +4 ring of slaying (right hand)
 t - a ring of fire
Scrolls
 f - a scroll of amnesia
 j - 2 scrolls of enchant armour {unknown}
 k - 5 scrolls of fear
 m - 5 scrolls of vulnerability
 n - a scroll of magic mapping
Potions
 e - 2 potions of haste
 l - 2 potions of brilliance
 p - 2 potions of heal wounds
 u - 2 potions of curing
 v - 2 potions of attraction


   Skills:
 - Level 3.6 Fighting
 - Level 10.4 Axes
 * Level 3.0(3.2) Slings
 - Level 1.8(2.6) Throwing
 - Level 5.0 Armour
 - Level 3.2 Shields


You had 7 spell levels left.
You didn't know any spells.
Your spell library contained the following spells:

 Spells                   Type           Power      Damage    Failure   Level
 Magic Dart               Conj           0%         1d3       85%         1
 Call Imp                 Summ           0%         N/A       94%         2
 Static Discharge         Conj/Air       0%         N/A       94%         2
 Mephitic Cloud           Conj/Pois/Air  0%         N/A       99%         3
 Stone Arrow              Conj/Erth      0%         3d7       99%         3
 Animate Armour           Summ/Erth      0%         N/A       100%        4
 Ice Form                 Ice/Tmut       0%         N/A       100%        4
 Lehudib's Crystal Spear  Conj/Erth      0%         10d2      100%        8
 Polar Vortex             Ice            0%         N/A       100%        9
 Ensorcelled Hibernation  Hex/Ice        Unusable   N/A       N/A         2
 Dispel Undead            Necr           Unusable   3d6       N/A         4
 Sticky Flame             Conj/Fire      Unusable   2d3       N/A         4

Dungeon Overview and Level Annotations

Branches:
Dungeon (6/15)             Temple (1/1) D:5

Altars:
Qazlal
Ru


Innate Abilities, Weirdness & Mutations

You cannot study or use magical devices.
You cannot study or cast Fire magic.
You cannot study or cast Hexes magic.
You cannot study or cast Necromancy magic.


Message History

Found a buckler.
The orc closely misses you.
Your unstable footing causes you to fumble your attack.
The orc hits you but does no damage.
Your unstable footing causes you to fumble your attack.
The orc barely misses you.
Your unstable footing causes you to fumble your attack.
The orc closely misses you.
Your unstable footing causes you to fumble your attack.
The orc hits you with a +0 falchion.
You slash the orc!
You kill the orc!
Found 13 gold pieces and a scroll of amnesia.
Things that are here:
a +0 falchion; an orc corpse You enter the shallow water.
Moving in this stuff is going to be slow.
You enter the shallow water.
Moving in this stuff is going to be slow.
A two-headed ogre comes into view.
It is wielding a +0 dire flail and a +0 giant club.
The two-headed ogre shouts in stereo!
You enter the shallow water.
Moving in this stuff is going to be slow.
You enter the shallow water.
Moving in this stuff is going to be slow.
The two-headed ogre attacks as you move away!
The two-headed ogre hits you with a +0 dire flail.
The two-headed ogre hits you with a +0 giant club!
The two-headed ogre attacks as you move away!
The two-headed ogre hits you with a +0 dire flail!!
The two-headed ogre hits you with a +0 giant club.
You are restored by drawing out deep reserves of power within.
You feel drained. You block the two-headed ogre's attack.
The two-headed ogre hits you with a +0 giant club!
You feel yourself speed up.
You slash the two-headed ogre!
The two-headed ogre is lightly wounded.
The two-headed ogre hits you with a +0 dire flail!!
* * * LOW HITPOINT WARNING * * *
The two-headed ogre hits you with a +0 giant club!!
You die...

##.###.
###...##.
#.....##.
#.#...##.
#.######.
########## #.#
##
##...≈≈≈≈≈##
#.#
##≈########O##
#.# #≈##
.P.≈≈##@# #.#
#≈# .≈..≈≈#.#
#.# #.#
..P.[S#)# #.#
#.# #O#+
..P≈≈≈#≈# #.#
#.# #..#
.P?$≈##≈###.#
#.# ##≈#
########≈##.#
#.# #≈≈
.≈$$≈##≈#.#
#.####### ##≈#
.P.!≈≈#≈#.#
#........ ≈#
..≈?.S#.#>#
#####..(.


You could see a two-headed ogre.

Vanquished Creatures
  Sigmund (D:4)
  A centaur (D:5)
  An ogre (D:4)
  A bullfrog (D:6)
  3 scorpions
  4 hounds
  2 orc priests
  A gnoll shaman (D:3)
  An iguana (D:5)
  2 orc wizards
  4 gnolls
  5 adders
  A shadow imp (D:4)
  An ufetubus (D:3)
  2 worms
  3 dart slugs
  20 orcs
  4 bats
  9 endoplasms
  4 giant cockroaches
  5 goblins
  7 hobgoblins
  3 jackals (D:3)
  4 quokkas
  4 ball pythons
  3 frilled lizards
  8 kobolds
  4 rats
108 creatures vanquished.

Notes
Turn   | Place    | Note
-------+----------+-------------------------------------------
     0 | D:1      | jaega1 the Hill Orc Fighter began the quest for the Orb.
     0 | D:1      | Reached XP level 1. HP: 19/19 MP: 1/1
    16 | D:1      | Reached skill level 3 in Axes
   120 | D:1      | Reached XP level 2. HP: 26/26 MP: 2/2
   224 | D:1      | Found a faded altar of an unknown god.
   250 | D:1      | Prayed at the altar of an unknown god.
   250 | D:1      | Became a worshipper of Ru the Awakened
   254 | D:1      | Gained mutation: You cannot study or cast Fire magic. [Ru
                  | sacrifice]
   254 | D:1      | Gained mutation: You cannot study or cast Hexes magic. [Ru
                  | sacrifice]
   254 | D:1      | Gained mutation: You cannot study or cast Necromancy magic.
                  | [Ru sacrifice]
   254 | D:1      | Reached * piety under Ru
   338 | D:1      | Reached skill level 4 in Axes
   453 | D:1      | Got the Catalogue of the Glacier
   545 | D:1      | Reached XP level 3. HP: 13/31 MP: 3/3
  1051 | D:2      | Reached skill level 5 in Axes
  1131 | D:2      | Identified the +5 hunting sling of Zayfigacw {vorpal, rN+
                  | Dex+5}
  1713 | D:3      | Reached XP level 4. HP: 38/39 MP: 4/4
  1756 | D:3      | Noticed a scorpion
  1771 | D:3      | Killed a scorpion
  1772 | D:3      | Reached skill level 6 in Axes
  1772 | D:3      | Reached skill level 1 in Slings
  1772 | D:3      | Reached XP level 5. HP: 32/45 MP: 5/5
  2409 | D:2      | Reached skill level 7 in Axes
  2896 | D:4      | Reached XP level 6. HP: 51/51 MP: 6/6
  3123 | D:4      | Reached skill level 8 in Axes
  3131 | D:4      | Reached XP level 7. HP: 24/57 MP: 7/7
  3453 | D:4      | Gained mutation: You cannot study or use magical devices.
                  | [Ru sacrifice]
  3453 | D:4      | Reached ** piety under Ru
  3453 | D:4      | Reached *** piety under Ru
  3587 | D:4      | Noticed Sigmund
  3800 | D:4      | Killed Sigmund
  3801 | D:4      | Reached skill level 9 in Axes
  4193 | D:5      | Entered Level 5 of the Dungeon
  4379 | D:5      | Found a staircase to the Ecumenical Temple.
  4422 | Temple   | Entered the Ecumenical Temple
  4555 | D:5      | Reached skill level 10 in Axes
  4692 | D:5      | Reached XP level 8. HP: 61/64 MP: 8/8
  4726 | D:5      | Identified the +6 long sword "Earthworm" {vorpal, Fly rCorr
                  | Dex-4 Stlth+}
  5154 | D:5      | Identified the +5 long sword of Caetirphe {flame, rElec
                  | Will+ Int+6}
  5563 | D:6      | Found a stormy altar of Qazlal.
  5672 | D:6      | Reached skill level 5 in Armour
  5973 | D:6      | Reached skill level 1 in Throwing
  6001 | D:6      | Noticed a two-headed ogre
  6019 | D:6      | Mangled by a two-headed ogre

Illustrated notes

Levels and vault maps discovered:
D:1:      lightli_arrival_chessboard, layout_loops_ring, basic_ecumenical_altar
D:2:      layout_rooms
D:3:      layout_basic
D:4:      minmay_octagon_keep, layout_basic, minmay_bent, uniq_sigmund
D:5:      layout_layer_cave, minmay_temple_entry_mini_moons
D:6:      cheibrodos_two_vegetables, layout_loops_ring,
          nicolae_qazlal_general_emergency
Temple:   jpeg_temple_clearing

Skill      XL: |  1  2  3  4  5  6  7  8 |
---------------+-------------------------+-----
Axes           | 3 4 5 6 7 8 10 | 10.4
Slings         | 1 2 3 |  3.0
Armour         | 5 |  5.0
Throwing       | 1 |  1.8
Fighting       | |  3.6
Shields        | |  3.2

Action                   |  1- 3 |  4- 6 |  7- 9 || total
-------------------------+-------+-------+-------++-------
Melee: War axe           |    78 |    93 |    82 ||   253
 Fire: Hunting sling     |       |    26 |    34 ||    60
Throw: Boomerang         |       |     1 |       ||     1
Invok: Sacrifice Arcana  |     1 |       |       ||     1
       Sacrifice Artific |       |       |     1 ||     1
       Draw Out Power    |       |       |     1 ||     1
  Use: Scroll            |       |    10 |     4 ||    14
       Potion            |       |       |     2 ||     2
 Stab: Invisible         |       |       |     1 ||     1
Armor: Scale mail        |    29 |    36 |    25 ||    90
Dodge: Dodged            |    30 |    51 |    34 ||   115
Block: Buckler           |    16 |    19 |    16 ||    51

Table legend: (Time is in decaauts)
 A = Elapsed time spent in this place.
 B = Non-inter-level travel time spent in this place.
 C = Inter-level travel time spent in this place.
 D = Time resting spent in this place.
 E = Time spent auto-exploring this place.
 F = Levels seen in this place.
 G = Mean time per level.
                   A        B        C        D        E       F      G
               +--------+--------+--------+--------+--------+-----+--------+
         Total |   6090 |   5810 |    280 |   1124 |   3384 |   7 |  870.0 |
       Dungeon |   5966 |   5686 |    280 |   1002 |   3384 |   6 |  994.3 |
        Temple |    123 |    123 |      0 |    122 |      0 |   1 |  123.0 |
               +--------+--------+--------+--------+--------+-----+--------+

Top non-repeatable levels by time:
     D:4: 1271 daAuts
     D:3: 1170 daAuts
     D:1: 1113 daAuts
     D:5: 1072 daAuts
     D:2: 854 daAuts
     D:6: 484 daAuts
  Temple: 123 daAuts
